 Dungeon Crawl Stone Soup version 0.21.1-1-g345015f (webtiles) character file.

53 diana the Insei (level 3, 0/40 HPs)
             Began as a Merfolk Transmuter on June 1, 2018.
             Succumbed to an adder's poison
             ... on level 2 of the Dungeon.
             The game lasted 00:03:44 (1734 turns).

diana the Insei (Merfolk Transmuter)                Turns: 1734, Time: 00:03:45

Health: 0/40       AC: 21    Str: 11    XL:     3   Next: 87%
Magic:  6/6        EV:  2    Int: 12    God:
Gold:   88         SH:  0    Dex: 14    Spells: 5/6 levels left

rFire    . . .     SeeInvis .     - Unarmed
rCold    . . .     Gourm    .   (no shield)
rNeg     + + +     Faith    .   (armour currently unavailable)
rPois    +         Spirit   .   (helmet currently unavailable)
rElec    .         Reflect  .   (cloak currently unavailable)
rCorr    .         Harm     .   (gloves currently unavailable)
MR       .....     NoTele   +   (boots currently unavailable)
Stlth    +.........             (no amulet)
HPRegen  0.13/turn              (no ring)
MPRegen  0.10/turn              (no ring)

@: lethally poisoned (0 -> -3), tree-form (expiring)
A: (change form in water), (swift swim), (stealthy swim)
a: no special abilities


You were on level 2 of the Dungeon.
You were not hungry.
You were a tree.
You visited 1 branch of the dungeon, and saw 2 of its levels.

You collected 88 gold pieces.

Inventory:

Missiles
 a - 32 arrows
Armour
 b - a +0 robe (melded)
Scrolls
 f - a scroll of identify {unknown}
 h - a scroll of remove curse {unknown}
Potions
 e - a potion of lignification
Books
 c - a book of Changes

   Spells                             Type                      Level
   a - Beastly Appendage              Transmutation                1
   b - Sticks to Snakes               Transmutation                2
   c - Spider Form                    Transmutation/Poison         3
   d - Ice Form                       Ice/Transmutation            4
   e - Blade Hands                    Transmutation                5
Comestibles
 d - 5 rations


   Skills:
 + Level 2.0 Fighting
 + Level 3.4 Dodging
 * Level 4.1 Unarmed Combat
 - Level 2.0 Spellcasting
 + Level 3.3 Transmutations


You had 5 spell levels left.
You knew the following spells:

 Your Spells              Type           Power        Failure   Level  Hunger
a - Beastly Appendage     Tmut           #.....       7%          1    ##.....


Dungeon Overview and Level Annotations

Branches:
Dungeon (2/15)

Altars:
Ru
Trog


Innate Abilities, Weirdness & Mutations

((You revert to your normal form in water.))
((You are very nimble and swift while swimming.))
((You are very stealthy in the water. (Stealth+)))
((You are partially covered in iridescent scales. (AC +2)))
((You can translocate small distances at will.))
((Your flesh is cold resistant. (rC+)))
((Your flesh is heat resistant. (rF+)))


Message History

You feel jittery.
You feel resistant to heat.
You feel resistant to cold.
* * * LOW HITPOINT WARNING * * *
You feel sick.
* * * LOW HITPOINT WARNING * * *
You feel sick.
* * * LOW HITPOINT WARNING * * *
You feel sick.
* * * LOW HITPOINT WARNING * * *
You feel sick.
* * * LOW HITPOINT WARNING * * *
You feel sick.
* * * LOW HITPOINT WARNING * * *
You feel sick.
Your transformation is almost over.
* * * LOW HITPOINT WARNING * * *
You feel sick.
* * * LOW HITPOINT WARNING * * *
You feel sick.
Unknown command.
You die...

### .# #.. ..# #.####.#
#### #.#....# #..####
#.#.##.## #......
.###.###♣#.#...####....##
............._...).......
###..#######...#.#.....##
... ##.##.#....### #
#....#...## # #.####..##
#.......# #.......#
#########


There were no monsters in sight!

Vanquished Creatures
  2 adders (D:2)
  A dart slug (D:1)
  A leopard gecko (D:1)
  3 giant cockroaches (D:1)
  3 goblins
  6 hobgoblins
  4 kobolds
  3 bats (D:1)
  4 frilled lizards (D:1)
  5 rats (D:1)
32 creatures vanquished.

Notes
Turn   | Place    | Note
-------+----------+-------------------------------------------
     0 | D:1      | diana the Merfolk Transmuter began the quest for the Orb.
     0 | D:1      | Reached XP level 1. HP: 15/15 MP: 3/3
   327 | D:1      | Reached XP level 2. HP: 17/21 MP: 5/5
   469 | D:1      | Reached XP level 3. HP: 11/27 MP: 4/6
  1116 | D:2      | Reached skill level 4 in Unarmed Combat
  1132 | D:2      | HP: 1/27 [poisoned by an adder]
  1556 | D:2      | Found a bloodstained altar of Trog.
  1684 | D:2      | Found a sacrificial altar of Ru.
  1720 | D:2      | Gained mutation: You are partially covered in iridescent scales. (AC +2) [potion of mutation]
  1720 | D:2      | Gained mutation: You can translocate small distances at will. [potion of mutation]
  1720 | D:2      | Gained mutation: Your flesh is heat resistant. (rF+) [potion of mutation]
  1720 | D:2      | Gained mutation: Your flesh is cold resistant. (rC+) [potion of mutation]
  1728 | D:2      | HP: 2/40 [poisoned by an adder]
  1734 | D:2      | Succumbed to an adder's poison

Skill      XL: |  1  2  3 |
---------------+----------+-----
Dodging        | 3 |  3.4
Transmutations | 3 |  3.3
Unarmed Combat | 4 |  4.1
Fighting       | 2 |  2.0
Spellcasting   | |  2.0

Action                   || total
-------------------------++-------
Melee: Unarmed           ||   120
       Headbutt          ||     3
       Punch             ||     2
 Cast: Beastly Appendage ||     8
  Use: Potion            ||     3
  Eat: Ration            ||     1
Armor: Robe              ||    10
Dodge: Dodged            ||    75
